 Dungeon Crawl Stone Soup version 0.31-a0-940-gdaa99269f9 (webtiles) character file.

Game seed: 8435817787473505818

1183 gelatine the Ruffian (level 8, -2/56 HPs)
             Began as a Demonspawn Shapeshifter on Oct 20, 2023.
             Slain by a gnoll
             ... wielding a +0 halberd
              (4 damage)
             ... on level 5 of the Dungeon.
             The game lasted 00:14:10 (5043 turns).

gelatine the Ruffian (Demonspawn Shapeshifter)      Turns: 5043, Time: 00:14:11

Health: -2/56      AC:  8    Str: 20    XL:     8   Next: 19%
Magic:  8/8        EV: 10    Int: 11    God:
Gold:   719        SH:  5    Dex: 12    Spells: 7/7 levels left

rFire   . .          .
                       - Unarmed
rCold   . . .        (no shield)
rNeg    . . .        h - +0 scale mail
rPois   .            (helmet currently unavailable)
rElec   .            (cloak currently unavailable)
rCorr   .            (gloves currently unavailable)
SInv    .            (boots currently unavailable)
Will    .....        x - amulet of Maban {Reflect Str+2 SH+5} Stlth
                     (no ring)
HPRegen 0.29/turn    (no ring)
MPRegen 0.11/turn

%: reflection
@: about to teleport, beast-form
A: beast (slay +2), antennae 2, rugged brown scales 2, demonic guardian 1
a: Begin Untransformation


You were on level 5 of the Dungeon.
You were a hulking beast.
You visited 2 branches of the dungeon, and saw 6 of its levels.
You also visited: Sewer.

You collected 719 gold pieces.

Inventory:

Missiles
 g - 34 stones (quivered)
 i - 16 poisoned darts
 r - a throwing net
Armour
 a - a +0 animal skin
 h - a +0 scale mail (worn)
 k - a +0 pair of boots
 l - a +0 tower shield
 y - a +0 cloak
Jewellery
 p - an amulet of guardian spirit
 x - the amulet of Maban (around neck) {Reflect Str+2 SH+5}
   (You acquired it in a sewer)

   [amulet of reflection]

   Reflect:   It reflects blocked missile attacks.
   Str+2:     It affects your strength (+2).
   SH+5:      It affects your SH (+5).
Talismans
 c - a beast talisman (active)
 d - a flux talisman
 s - a blade talisman
Scrolls
 e - a scroll of brand weapon
 j - a scroll of teleportation
 q - 2 scrolls of identify
 u - 2 scrolls of noise {unknown}
 w - a scroll of blinking {unknown}
 C - a scroll of amnesia {unknown}
Potions
 b - 2 potions of lignification
 f - a potion of curing
 m - 3 potions of resistance
 n - a potion of berserk rage
 o - a potion of ambrosia
 t - 4 potions of haste {unknown}
 v - 3 potions of brilliance {unknown}
 z - a potion of attraction {unknown}
 A - a potion of magic {unknown}
 B - a potion of degeneration {unknown}


   Skills:
 + Level 1.6 Fighting
 + Level 0.3 Throwing
 + Level 2.7 Armour
 + Level 2.4 Dodging
 + Level 0.2 Stealth
 * Level 2.3 Shields
 * Level 6.8 Unarmed Combat
 * Level 4.7 Shapeshifting


You had 7 spell levels left.
You didn't know any spells.
Your spell library contained the following spells:

 Spells                   Type           Power      Damage    Failure   Level
 Apportation              Tloc           0%         N/A       69%         1
 Necrotise                Necr           0%         1d4       69%         1
 Summon Small Mammal      Summ           0%         N/A       69%         1
 Cigotuvi's Dreadful Rot  Necr/Pois/Air  0%         N/A       83%         2
 Ignite Poison            Fire/Tmut/Pois 0%         N/A       96%         3
 Freezing Cloud           Conj/Ice/Air   0%         6-21      100%        5


Dungeon Overview and Level Annotations

Branches:
Dungeon (5/15)             Temple (1/1) D:4           Sewer (visited)

Altars:
Ashenzari
Cheibriados
Dithmenos
Hepliaklqana
Kikubaaqudgha
Okawaru
Qazlal
Trog
Wu Jian
Xom
Yredelemnul
Lugonu


Innate Abilities, Weirdness & Mutations

You are a hulking beast.
Your limbs bulge with bestial killing power. (Slay +2)
You have a pair of antennae on your head.
You are mostly covered in rugged brown scales. (AC +2, +5% HP)
A weak demonic guardian rushes to your aid.


Message History

The wight hits you with a +4 mace.
You hit the wight but do no damage.
A wight comes into view. It is wielding a +0 hand axe.
The wight closely misses you.
You punch the wight!
The wight is severely damaged.
The wight hits you but does no damage.
You hit the wight but do no damage.
The wight is severely damaged.
The wight hits you but does no damage. The wight hits you with a +4 mace!
You completely miss the wight.
The wight is severely damaged.
The wight hits you with a +0 dagger.
You feel drained. The wight hits you with a +4 mace.
You hit the wight but do no damage.
The wight is severely damaged.
The wight closely misses you. You block the wight's attack.
You hit the wight.
You destroy the wight!
The wight hits you with a +0 dagger.
* * * LOW HITPOINT WARNING * * *
Your life force feels restored.
You hit the gnoll but do no damage.
As you read the scroll of teleportation, it crumbles to dust.
You feel strangely unstable. The gnoll closely misses you.
You block the wight's attack.
The gnoll hits you from afar with a +0 halberd.
* * * LOW HITPOINT WARNING * * *
You punch the gnoll!
The gnoll is severely wounded.
The wight hits you but does no damage. The gnoll hits you with a +0 whip.
* * * LOW HITPOINT WARNING * * *
A demonic guardian appears!
The gnoll hits you from afar with a +0 halberd!
* * * LOW HITPOINT WARNING * * *
You punch the gnoll!
You kill the gnoll!
The wight hits you but does no damage.
The gnoll hits you from afar with a +0 halberd.
You die...

.
..g#############
.gzz.z......z..#
.##!#..####g#.#
## #.#..####)# #
....#.#.....#h#
#.........#z#
....###.#...#5#
## #.##......
###.###.#...
#......##....
#.#.###.#.....
#.#.# ......#
#.#.# #.#.###


You could see 2 wights, a gnoll and a friendly quasit (summoned).

Vanquished Creatures
  Menkaure (D:5)
  A phantom (D:5)
  3 kobold brigands (Sewer)
  A scorpion (D:4)
  3 wights (D:5)
  A howler monkey (D:4)
  A hound (D:4)
  A jelly (D:5)
  An orc wizard (D:4)
  2 scorpion zombies (D:4)
  A hound zombie (D:4)
  10 adders
  9 gnolls
  3 river rats
  An adder zombie (D:4)
  3 worms
  8 orcs (D:4)
  8 bats
  6 endoplasms
  3 giant cockroaches
  9 goblins
  5 hobgoblins
  4 jackals (D:3)
  8 quokkas
  14 ball pythons
  6 frilled lizards
  12 kobolds
  11 rats
136 creatures vanquished.

Vanquished Creatures (collateral kills)
  A hound (D:5)
  2 adders
  A goblin (D:3)
  A hobgoblin (D:3)
  A rat (D:3)
6 creatures vanquished.

Grand Total: 142 creatures vanquished

Notes
Turn   | Place    | Note
-------+----------+-------------------------------------------
     0 | D:1      | gelatine the Demonspawn Shapeshifter began the quest for
                  | the Orb.
     0 | D:1      | Reached XP level 1. HP: 15/15 MP: 1/1
   103 | D:1      | Gained mutation: You are partially covered in rugged brown
                  | scales. (AC +1, +3% HP) [demonic ancestry]
   103 | D:1      | Reached XP level 2. HP: 14/21 MP: 2/2
   296 | D:1      | Reached skill level 3 in Unarmed Combat
   769 | D:1      | You fall into a shaft and drop 1 floor!
   868 | D:2      | Found a faded altar of an unknown god.
   879 | D:2      | Gained mutation: A weak demonic guardian rushes to your
                  | aid. [demonic ancestry]
   879 | D:2      | Reached XP level 3. HP: 25/26 MP: 3/3
  1508 | D:2      | Gained mutation: You have a pair of small antennae on your
                  | head. [demonic ancestry]
  1508 | D:2      | Reached XP level 4. HP: 6/32 MP: 4/4
  1777 | D:3      | Reached skill level 1 in Armour
  1831 | D:3      | Identified a scroll of acquirement
  1831 | D:3      | Acquired 398 gold pieces
  2041 | D:3      | Found a bloodstained altar of Trog.
  2262 | D:3      | Found a hazy altar of Hepliaklqana.
  2465 | D:3      | Found a glowing drain.
  2470 | Sewer    | Entered a sewer
  2479 | Sewer    | Reached skill level 4 in Unarmed Combat
  2479 | Sewer    | Gained mutation: You have a pair of antennae on your head.
                  | [demonic ancestry]
  2479 | Sewer    | Reached XP level 5. HP: 23/38 MP: 5/5
  2804 | Sewer    | Reached XP level 6. HP: 3/44 MP: 6/6
  2967 | Sewer    | Acquired the amulet of Maban {Reflect Str+2 SH+5}
  3047 | Sewer    | Reached skill level 5 in Unarmed Combat
  3655 | D:4      | Gained mutation: You are mostly covered in rugged brown
                  | scales. (AC +2, +5% HP) [demonic ancestry]
  3655 | D:4      | Reached XP level 7. HP: 42/50 MP: 7/7
  3705 | D:4      | Found a basalt altar of Yredelemnul.
  3926 | D:4      | Found a staircase to the Ecumenical Temple.
  3988 | Temple   | Entered the Ecumenical Temple
  4435 | D:4      | Reached skill level 1 in Shields
  4829 | D:5      | Entered Level 5 of the Dungeon
  4844 | D:5      | Noticed Menkaure
  4856 | D:5      | Reached skill level 6 in Unarmed Combat
  4862 | D:5      | Killed Menkaure
  4863 | D:5      | Reached XP level 8. HP: 23/56 MP: 8/8
  5042 | D:5      | HP: 2/56 [gnoll/+0 halberd (9)]
  5043 | D:5      | Slain by a gnoll

Illustrated notes

Levels and vault maps discovered:
D:1:      nagdon_arrival_zigzag_paths, layout_loops_ring, minmay_liquid_box,
          minmay_pentomino_w2
D:2:      layout_loops_ring, basic_ecumenical_altar, serial_aquarium,
          aquarium_bridge_straight [aquarium_subvault_bridge,
          aquarium_subvault_wall, aquarium_subvault_bridge,
          aquarium_subvault_balcony], aquarium_window_2, aquarium_window_fake,
          aquarium_window_corridor_3, aquarium_view_2b, aquarium_view_2f,
          aquarium_pool_2
D:3:      layout_basic, worldfamousw_hep_ancestral_shrine, trog_hazing_becter,
          portal_sewer_entry_e, chequers_serial_rivers_micro_d,
          guppyfry_early_lair_pool
D:4:      layout_loops_corners, nicolae_yredelemnul_corpse_copse,
          minmay_temple_entry_junction, serial_glass, glass_columns_c,
          glass_columns_b
D:5:      layout_loops_ring, mainiacjoe_overflow_24_doors, tso_metal_star,
          mainiacjoe_overflow_small_starburst, minmay_lizard_king, uniq_menkaure
Temple:   corrupted_temple

Skill      XL: |  1  2  3  4  5  6  7  8 |
---------------+-------------------------+-----
Shapeshifting  | 3 4 |  4.7
Unarmed Combat | 3 4 5 6 |  6.8
Armour         | 1 2 |  2.7
Dodging        | 2 |  2.4
Shields        | 1 2 |  2.3
Fighting       | |  1.6
Throwing       | |  0.3
Stealth        | |  0.2

Action                     |  1- 3 |  4- 6 |  7- 9 || total
---------------------------+-------+-------+-------++-------
  Melee: Unarmed           |   134 |   254 |   156 ||   544
         Punch             |     3 |     6 |     7 ||    16
  Throw: Stone             |     3 |    26 |     2 ||    31
    Use: Scroll            |       |    12 |     1 ||    13
         Potion            |       |     2 |       ||     2
   Stab: Distracted        |       |     1 |       ||     1
 Armour: Animal skin       |     6 |       |       ||     6
         Scale mail        |    95 |   193 |    79 ||   367
  Dodge: Dodged            |    85 |   161 |    58 ||   304
  Block: Other             |       |    17 |    32 ||    49

Table legend: (Time is in decaauts)
 A = Elapsed time spent in this place.
 B = Non-inter-level travel time spent in this place.
 C = Inter-level travel time spent in this place.
 D = Time resting spent in this place.
 E = Time spent auto-exploring this place.
 F = Levels seen in this place.
 G = Mean time per level.
                   A        B        C        D        E       F      G
               +--------+--------+--------+--------+--------+-----+--------+
         Total |   5075 |   4547 |    528 |      0 |   3273 |   7 |  725.0 |
       Dungeon |   4353 |   3847 |    506 |      0 |   2820 |   5 |  870.6 |
        Temple |     23 |      1 |     22 |      0 |      0 |   1 |   23.0 |
         Sewer |    698 |    698 |      0 |      0 |    453 |   1 |  698.0 |
               +--------+--------+--------+--------+--------+-----+--------+

Top non-repeatable levels by time:
     D:4: 1283 daAuts
     D:3: 1148 daAuts
     D:2: 913 daAuts
     D:1: 799 daAuts
   Sewer: 698 daAuts
     D:5: 208 daAuts
  Temple: 23 daAuts
